 Dungeon Crawl Stone Soup version 0.30.1 (webtiles) character file.

Game seed: 4118680123461434787

1537 AgateBread the Ogre Mage (level 8, -3/67 HPs)
             Began as an Ogre Earth Elementalist on July 7, 2023.
             Was an Initiate of Vehumet.
             Killed themself with a badly aimed iceblast (16 damage)
             ... on level 7 of the Dungeon.
             The game lasted 00:22:43 (6530 turns).

AgateBread the Ogre Mage (Ogre Earth Elementalist)  Turns: 6530, Time: 00:22:45

Health: -3/67      AC: -1    Str: 13    XL:     8   Next: 86%
Magic:  1/20       EV:  9    Int: 18    God:    Vehumet [......]
Gold:   252        SH:  0    Dex:  9    Spells: 19/23 levels left

rFire   . . .        j - staff of earth
rCold   . . .        (no shield)
rNeg    . . .        D - +0 animal skin
rPois   .            (helmet restricted)
rElec   .            (no cloak)
rCorr   .            (gloves unavailable)
SInv    .            (boots unavailable)
Will    .....        c - amulet of regeneration
Stlth   +            H - ring of wizardry
HPRegen 1.11/turn    (no ring)
MPRegen 0.17/turn

%: wizardry (x1)
@: corroded
A: large, unfitting armour, tough skin 1
a: Renounce Religion


You were on level 7 of the Dungeon.
You worshipped Vehumet.
Vehumet was noncommittal.
You visited 2 branches of the dungeon, and saw 8 of its levels.

You collected 274 gold pieces.
You spent 22 gold pieces at shops.

Inventory:

Hand Weapons
 g - a +4 scythe
 h - a +0 scimitar
 l - a +1 mace of protection
 t - a +0 trident
 w - a +0 halberd
Missiles
 p - 6 poisoned darts
 L - a throwing net
Armour
 a - a +0 robe
 D - a +0 animal skin (worn)
Magical Staves
 j - a staff of earth (weapon)
Jewellery
 c - an amulet of regeneration (around neck)
 m - a ring of fire
 E - a ring of ice
 H - a ring of wizardry (left hand)
Wands
 F - a wand of digging (4)
 I - a wand of iceblast (7) (quivered)
Scrolls
 f - 3 scrolls of vulnerability
 i - 5 scrolls of teleportation
 n - 2 scrolls of noise {unknown}
 o - 2 scrolls of magic mapping {unknown}
 q - 2 scrolls of enchant armour
 r - a scroll of butterflies {unknown}
 s - a scroll of silence {unknown}
 x - a scroll of enchant weapon {unknown}
 y - a scroll of fog {unknown}
 J - 3 scrolls of immolation {unknown}
 K - a scroll of poison {unknown}
Potions
 b - a potion of magic
 d - a potion of curing {unknown}
 e - 2 potions of ambrosia
 k - 3 potions of flight
 u - 3 potions of cancellation {unknown}
 z - a potion of brilliance {unknown}
 A - 3 potions of invisibility {unknown}
 B - 4 potions of berserk rage
 C - a potion of resistance {unknown}
 G - a potion of degeneration {unknown}


   Skills:
 - Level 1.7 Dodging
 - Level 1.4 Stealth
 - Level 8.0 Spellcasting
 + Level 5.1 Conjurations
 - Level 0.8 Transmutations
 - Level 6.0 Earth Magic


You had 19 spell levels left.
You knew the following spells:

 Your Spells              Type           Power      Damage    Failure   Level
a - Sandblast             Erth           86%        2d18      1%          1
b - Stone Arrow           Conj/Erth      80%        3d12      1%          3

Your spell library contained the following spells:

 Spells                   Type           Power      Damage    Failure   Level
 Passwall                 Tmut/Erth      24%        N/A       1%          2
 Petrify                  Tmut/Erth      29%        N/A       10%         4
 Iskenderun's Battlesphe  Conj           25%        2d8       13%         5
 Fireball                 Conj/Fire      8%         3d6       34%         5
 Conjure Ball Lightning   Conj/Air       8%         3x3d6     88%         6
 Orb of Destruction       Conj           12%        9d7       98%         7


Dungeon Overview and Level Annotations

Branches:
Dungeon (7/15)             Temple (1/1) D:5

Altars:
Ashenzari
Cheibriados
Dithmenos
Elyvilon
Fedhas
Hepliaklqana
Kikubaaqudgha
Makhleb
Nemelex Xobeh
Okawaru
Qazlal
Ru
Sif Muna
Trog
Uskayaw
Vehumet
Wu Jian
Xom
Yredelemnul
Zin

Shops:
D:1 *


Innate Abilities, Weirdness & Mutations

You are too large for most types of armour.
You have tough skin. (AC +1)


Message History

The bullfrog barely misses you. The bullfrog closely misses you.
The jelly hits you.
You are splashed with acid!
You hit the bullfrog but do no damage.
The bullfrog is almost dead.
The bullfrog hits you. The jelly hits you but does no damage.
The bullfrog barely misses you.
Your magical contamination has completely faded away.
Aiming: Sandblast (safe; 1% risk of failure)
Press: ? - help, Q - select action, (/) - cycle Shift-Dir - straight line, f - jelly
Aim: a jelly (100% to hit)
You feel a surge of power!
The blast of sand hits the jelly!
The jelly is heavily wounded.
The bullfrog hits you. The jelly hits you but does no damage.
The bullfrog hits you.
* * * LOW HITPOINT WARNING * * *
The jelly closely misses you. The bullfrog hits you.
* * * LOW HITPOINT WARNING * * *
The bullfrog hits you.
* * * LOW HITPOINT WARNING * * *
Things that are here:
a +0 scimitar of flaming; +0 steam dragon scales; the human corpse of Maggie The bullfrog hits you.
* * * LOW HITPOINT WARNING * * *
The jelly jiggles.
You feel much better. The bullfrog barely misses you. The bullfrog hits you.
The jelly hits you. The acid corrodes you!
You are splashed with acid!
* * * LOW HITPOINT WARNING * * *
Aiming: Iceblast
Press: ? - help, Q - select action, (/) - cycle Shift-Dir - straight line, f/p - jelly
Aim: a jelly (heavily wounded) That beam is likely to hit you.
Continue anyway?
The mass of ice explodes!
The iceblast engulfs the jelly!
You kill the jelly!
Vehumet accepts your kill.
The iceblast engulfs the bullfrog!
You kill the bullfrog!
Vehumet accepts your kill. The iceblast engulfs you!
You die...

...................
..#.#.......#..(.#
...............# #
..^............#.#
..............##.#
#.......#........#
#.......#....#...#
#..#...##........#
#$ #... #..@.....#
. .......##).#...#
#.#...## #.<.####
#.#...#............
.. +.....#####.. #
#.###.# #. #.# #
... ...


There were no monsters in sight!

Vanquished Creatures
  Maggie (D:7)
  Grinder (D:5)
  Sigmund (D:3)
  An ice beast (D:7)
  A bullfrog (D:7)
  3 scorpions (D:5)
  A howler monkey (D:6)
  A jelly (D:7)
  A hound (D:5)
  An orc priest (D:5)
  Ijyb (D:5)
  3 sleepcaps
  5 orc wizards
  Robin (D:4)
  6 gnolls
  12 adders
  A white imp (D:5)
  An ufetubus (D:5)
  A worm (D:3)
  3 dart slugs
  9 orcs
  7 ball pythons
  4 bats
  7 endoplasms
  3 giant cockroaches
  11 hobgoblins
  3 jackals (D:2)
  4 quokkas
  2 frilled lizards (D:1)
  13 goblins
  9 kobolds
  4 rats
122 creatures vanquished.

Notes
Turn   | Place    | Note
-------+----------+-------------------------------------------
     0 | D:1      | AgateBread the Ogre Earth Elementalist began the quest for
                  | the Orb.
     0 | D:1      | Reached XP level 1. HP: 16/16 MP: 3/3
   239 | D:1      | Reached XP level 2. HP: 24/24 MP: 1/5
   548 | D:1      | Reached skill level 3 in Spellcasting
   781 | D:1      | Found Ecwujausy's General Store.
   784 | D:1      | Bought a scroll of identify for 22 gold pieces
   996 | D:1      | Reached XP level 3. HP: 31/31 MP: 3/7
  2248 | D:2      | Found a faded altar of an unknown god.
  2684 | D:2      | Reached XP level 4. HP: 39/39 MP: 7/9
  2689 | D:2      | Learned a level 3 spell: Stone Arrow
  2856 | D:3      | Found the +1 Delatra's gloves {ID++}
  3031 | D:3      | Reached skill level 4 in Spellcasting
  3240 | D:3      | Reached XP level 5. HP: 45/45 MP: 9/11
  3372 | D:3      | Noticed Sigmund
  3377 | D:3      | Killed Sigmund
  3378 | D:3      | Reached skill level 5 in Spellcasting
  3378 | D:3      | Reached XP level 6. HP: 53/53 MP: 9/14
  3723 | D:3      | Found a basalt altar of Yredelemnul.
  3724 | D:3      | Found a bloodstained altar of Trog.
  3725 | D:3      | Found a shimmering blue altar of Sif Muna.
  4194 | D:4      | Reached skill level 5 in Earth Magic
  4449 | D:4      | Noticed Robin
  4475 | D:4      | Killed Robin
  4540 | D:5      | Entered Level 5 of the Dungeon
  4549 | D:5      | Reached skill level 6 in Spellcasting
  4549 | D:5      | Reached XP level 7. HP: 59/59 MP: 4/16
  4564 | D:5      | Noticed Grinder
  4735 | D:5      | Killed Grinder
  4786 | D:5      | Reached skill level 7 in Spellcasting
  4851 | D:5      | Found a staircase to the Ecumenical Temple.
  4888 | Temple   | Entered the Ecumenical Temple
  4906 | Temple   | Became a worshipper of Vehumet
  4944 | D:5      | Reached XP level 8. HP: 52/67 MP: 15/19
  5135 | D:5      | Noticed Ijyb
  5139 | D:5      | Killed Ijyb
  5152 | D:5      | Reached skill level 1 in Conjurations
  5811 | D:6      | Reached skill level 8 in Spellcasting
  6503 | D:7      | Noticed Maggie
  6520 | D:7      | Killed Maggie
  6521 | D:7      | Reached skill level 5 in Conjurations
  6530 | D:7      | Killed themself with a badly aimed iceblast

Illustrated notes

Levels and vault maps discovered:
D:1:      erik_arrival_cave_to_civilisation [erik_arrival_cave_to_hall],
          layout_basic, serial_shops, nicolae_shop_tiny_real_fake_doors,
          minmay_ruptured
D:2:      layout_basic, shapermc_ecumenical_altar_venn
D:3:      layout_basic, minitemple, chequers_serial_rivers_micro_a,
          hangedman_glass_teeth, uniq_sigmund
D:4:      layout_basic, uniq_robin
D:5:      layout_rooms, minmay_temple_entry_tees, uniq_grinder, uniq_ijyb
D:6:      layout_gridville, kennysheep_generic_room_8
D:7:      layout_basic, uniq_maggie
Temple:   sentei_temple_godly_chess

Skill      XL: |  1  2  3  4  5  6  7  8 |
---------------+-------------------------+-----
Earth Magic    | 3 4 5 6 |  6.0
Spellcasting   | 3 4 5 6 7 8 |  8.0
Conjurations   | 5 |  5.1
Dodging        | |  1.7
Stealth        | |  1.4
Transmutations | |  0.8

Action                     |  1- 3 |  4- 6 |  7- 9 || total
---------------------------+-------+-------+-------++-------
  Melee: Dagger            |    47 |       |       ||    47
         Mace              |     7 |       |       ||     7
         Punch             |     2 |       |       ||     2
         Staff             |       |     2 |    16 ||    18
  Throw: Throwing net      |       |     2 |       ||     2
   Cast: Sandblast         |    45 |    71 |    34 ||   150
         Stone Arrow       |       |       |    22 ||    22
  Evoke: Wand              |       |       |     2 ||     2
    Use: Scroll            |     4 |     2 |     1 ||     7
         Potion            |       |     1 |     1 ||     2
 Armour: Robe              |    28 |     9 |       ||    37
         Animal skin       |       |       |    13 ||    13
  Dodge: Dodged            |    37 |    21 |    23 ||    81
